 Dungeon Crawl Stone Soup version 0.22-b1-21-g5cfc168 (webtiles) character file.

212 Gorglomux the Shield-Bearer (level 5, -3/50 HPs)
             Began as a Deep Dwarf Fighter on Aug 5, 2018.
             Slain by a hornet zombie (4 damage)
             ... on level 4 of the Dungeon.
             The game lasted 00:01:31 (1513 turns).

Gorglomux the Shield-Bearer (Deep Dwarf Fighter)    Turns: 1513, Time: 00:01:32

Health: -3/50      AC:  8    Str: 21    XL:     5   Next: 58%
Magic:  5/5        EV:  7    Int:  8    God:
Gold:   110        SH: 10    Dex: 12    Spells: 4/4 levels left

rFire    . . .     SeeInvis .   a - +0 war axe
rCold    . . .     Gourm    .   c - +0 shield
rNeg     . . .     Faith    .   b - +0 scale mail
rPois    .         Spirit   .   (no helmet)
rElec    .         Reflect  .   S - +0 cloak (curse)
rCorr    .         Harm     .   (no gloves)
MR       .....                  (no boots)
Stlth    ..........             (no amulet)
HPRegen  0.00/turn              (no ring)
MPRegen  0.09/turn              (no ring)

@: lethally poisoned (-3 -> -3), non-regenerating, slowed, very slow
A: damage resistance, heal wounds, sense surroundings 1, no regeneration
a: Heal Wounds


You were on level 4 of the Dungeon.
You were hungry.

You visited 1 branch of the dungeon, and saw 4 of its levels.

You collected 110 gold pieces.

Inventory:

Hand Weapons
 a - a +0 war axe (weapon)
Armour
 b - a +0 scale mail (worn)
 c - a +0 shield (worn)
 K - a scarf of repulsion
 S - a cursed +0 cloak (worn)
Wands
 I - a wand of iceblast (9)
Scrolls
 j - 3 scrolls of identify {unknown}
 k - a scroll of random uselessness {unknown}
 M - a scroll of noise {unknown}
 N - a scroll of teleportation {unknown}
 Q - 2 scrolls of fear {unknown}
 R - a scroll of amnesia {unknown}
Potions
 d - a potion of might
 h - a potion of mutation {unknown}
 i - a potion of haste
 l - 2 potions of degeneration {unknown}
 J - a potion of heal wounds {unknown}
 L - 2 potions of curing {unknown}
 P - a potion of resistance {unknown}
Comestibles
 f - 2 rations


   Skills:
 + Level 3.7 Fighting
 + Level 3.6 Axes
 + Level 4.5 Armour
 + Level 4.5 Shields


You had 4 spell levels left.
You didn't know any spells.
Your spell library was empty.

Dungeon Overview and Level Annotations

Branches:
Dungeon (4/15)
 Temple: D:4-7

Altars:
Nemelex Xobeh
Okawaru

Annotations:
D:3 1 runed door


Innate Abilities, Weirdness & Mutations

You are resistant to damage.
You can heal yourself by infusing magical energy.
You passively map a small area around you.
You do not regenerate.


Message History

The hornet zombie hits you! The orc barely misses you!
The orc wizard casts a spell at you!
The magic dart hits you!!! * * * don't die
* * * The hornet zombie completely misses you!
The orc wizard mumbles some strange words!
The orc wizard blinks!!!
The hornet zombie hits you!!! * * * don't die
* * * You are too injured to fight recklessly!!!
Unknown command!
You're too confused!!!
You feel less confused!
The orc wizard casts a spell!
The orc wizard seems to speed up!
The hornet zombie hits you!!! * * * don't die
* * * You carve the orc like a ham!!!
You annihilate the orc!!!
You chop something into butts! You carve the hornet zombie like a ham!
The hornet zombie hits butt! rip

#....# ##### *#....
#....# #...# ......
#....####.#$###......
#.........#.........≈ ,
#.......(..........≈≈
#..........†.......≈≈ *
#^...........o....#≈ ##
###..........Z)...#.≈≈ *
># #.........{@......#
.#####...............#.#*
....................## ,,
, .....#................
, , ,
.###.####..##.####...## ,
, .# #.# *#.###..#* ##.#
, , ## #.# .<# ..... * .#
, #.# *.###. .. # #.# , ,


You could see an orc wizard and a hornet zombie.

Vanquished Creatures
  Natasha (thrice) (D:3)
  2 worker ants
  2 adders (D:2)
  An ooze (D:2)
  3 worms (D:2)
  A dart slug (D:3)
  A leopard gecko (D:1)
  3 orcs
  8 bats
  4 giant cockroaches
  6 goblins
  5 hobgoblins
  4 jackals (D:3)
  5 kobolds
  2 quokkas
  3 frilled lizards (D:1)
  A quokka skeleton (D:4)
  3 rats
57 creatures vanquished.

Notes
Turn   | Place    | Note
-------+----------+-------------------------------------------
     0 | D:1      | Gorglomux the Deep Dwarf Fighter began the quest for the Orb.
     0 | D:1      | Reached XP level 1. HP: 20/20 MP: 1/1
    98 | D:1      | Reached XP level 2. HP: 13/27 MP: 2/2
   318 | D:2      | Reached skill level 3 in Fighting
   318 | D:2      | Reached XP level 3. HP: 33/34 MP: 3/3
   383 | D:2      | Found an iron altar of Okawaru.
   528 | D:2      | Reached skill level 3 in Axes
   528 | D:2      | Reached XP level 4. HP: 33/42 MP: 4/4
   591 | D:2      | Found a faded altar of an unknown god.
   952 | D:3      | Noticed Natasha
   963 | D:3      | Killed Natasha
  1038 | D:3      | Found a sparkling altar of Nemelex Xobeh.
  1088 | D:3      | Noticed Natasha
  1090 | D:3      | Killed Natasha
  1090 | D:3      | Reached XP level 5. HP: 38/49 MP: 5/5
  1222 | D:3      | Found a runed door.
  1326 | D:3      | Noticed Natasha
  1339 | D:3      | Killed Natasha
  1512 | D:4      | HP: 1/50 [hornet zombie (8)]
  1513 | D:4      | Slain by a hornet zombie

Skill      XL: |  1  2  3  4 |
---------------+-------------+-----
Fighting       | 3 |  3.7
Axes           | 3 |  3.6
Shields        | 4 |  4.5
Armour         | 4 |  4.5

Action                   |  1- 3 |  4- 6 || total
-------------------------+-------+-------++-------
Melee: War axe           |    84 |   125 ||   209
 Abil: Heal Wounds       |     1 |     2 ||     3
  Eat: Chunk             |       |     2 ||     2
Armor: Scale mail        |    39 |    68 ||   107
Dodge: Dodged            |    31 |    54 ||    85
       Deflected         |       |     1 ||     1
Block: Shield            |    52 |    93 ||   145
